 Dungeon Crawl Stone Soup version 0.25-a0-558-g78a2afb0af (webtiles) character file.

Game seed: 6485537745769668668, levelgen mode: deterministic

520 Sele the Purveyor of Pain (level 7, 0/36 HPs)
             Began as a Deep Elf Necromancer on Feb 25, 2020.
             Was an Initiate of Kikubaaqudgha.
             Slain by a hornet zombie (10 damage)
             ... on level 5 of the Dungeon.
             The game lasted 00:49:53 (6551 turns).

Sele the Purveyor of Pain (Deep Elf Necromancer)    Turns: 6551, Time: 00:49:57

Health: 0/36       AC:  2    Str:  6    XL:     7   Next: 1%
Magic:  19/19      EV: 13    Int: 21    God:    Kikubaaqudgha [......]
Gold:   208        SH:  0    Dex: 15    Spells: 6/20 levels left

rFire    . . .     SeeInvis .   s - +0 quarterstaff
rCold    . . .     Gourm    .   (shield currently unavailable)
rNeg     . . .     Faith    .   a - +0 robe
rPois    .         Spirit   .   (no helmet)
rElec    .         Reflect  .   (no cloak)
rCorr    .         Harm     .   (no gloves)
MR       .....                  (no boots)
Stlth    ++........             (no amulet)
HPRegen  0.12/turn              (no ring)
MPRegen  0.16/turn              (no ring)

@: no status effects
A: no striking features
a: Renounce Religion


You were on level 5 of the Dungeon.
You worshipped Kikubaaqudgha.
Kikubaaqudgha was noncommittal.
You were not hungry.

You visited 2 branches of the dungeon, and saw 6 of its levels.

You collected 208 gold pieces.

Inventory:

Hand Weapons
 f - a +0 dagger
 s - a +0 quarterstaff (weapon)
Missiles
 l - 25 poisoned darts (quivered)
Armour
 a - a +0 robe (worn)
Wands
 t - a wand of polymorph (12)
Scrolls
 e - a scroll of random uselessness {unknown}
 j - a scroll of immolation {unknown}
 k - a scroll of enchant armour {unknown}
 m - 3 scrolls of remove curse
 n - 2 scrolls of blinking {unknown}
 p - 2 scrolls of teleportation {unknown}
 r - 2 scrolls of magic mapping
Potions
 b - a potion of curing
 d - 2 potions of cancellation
 g - a potion of flight
 h - a potion of haste {unknown}
 i - a potion of brilliance {unknown}
 q - a potion of resistance {unknown}
Comestibles
 c - 2 rations


   Skills:
 + Level 0.3 Fighting
 + Level 0.8 Staves
 + Level 2.8 Dodging
 + Level 3.1 Stealth
 + Level 7.1 Spellcasting
 + Level 7.6 Necromancy


You had 6 spell levels left.
You knew the following spells:

 Your Spells              Type           Power        Failure   Level  Hunger
a - Pain                  Necr           ####         1%          1    None
b - Animate Skeleton      Necr           N/A          1%          1    None
c - Vampiric Draining     Necr           #####.....   1%          3    #......
d - Animate Dead          Necr           N/A          3%          4    ###....
e - Agony                 Necr           #####...     11%         5    #####..

Your spell library contained the following spells:

 Spells                   Type           Power        Failure   Level  Hunger
 Beastly Appendage        Tmut           #.....       9%          1    None
 Sticks to Snakes         Tmut           #.......     13%         2    None
 Spider Form              Tmut/Pois      #.........   26%         3    #......
 Ice Form                 Ice/Tmut       #.......     65%         4    ###....
 Blade Hands              Tmut           #.........   94%         5    #####..


Dungeon Overview and Level Annotations

Branches:
Dungeon (5/15)             Temple (1/1) D:4

Altars:
Ashenzari
Cheibriados
Dithmenos
Elyvilon
Fedhas
Gozag
Hepliaklqana
Kikubaaqudgha
Makhleb
Nemelex Xobeh
Okawaru
Qazlal
Ru
Sif Muna
Trog
Uskayaw
Vehumet
Wu Jian
Xom
Yredelemnul
Zin
The Shining One

Annotations:
D:2 Grinder


Message History

r - Retreat! s - Stop attacking. g - Guard the area. f - Follow me.
Anything else - Cancel.
Gang up on whom?
Press: ? - help, Dir - move target cursor, f - hornet zombie
Aim: a hornet zombie Attack!
Casting: Animate Dead (safe; 3% risk of failure)
Confirm with . or Enter, or press ? or * to list all spells.
You can't see any susceptible monsters within range! (Use Z to cast anyway.)
Your gnoll zombie hits the hornet zombie with a +0 club.
The hornet zombie barely misses you.
You hit the hornet zombie but do no damage.
The hornet zombie is lightly damaged.
The hornet zombie hits you!
* * * LOW HITPOINT WARNING * * *
Your gnoll zombie hits the hornet zombie with a +0 club.
The hornet zombie hits you!
You die...
Kikubaaqudgha rasps: "You have failed me!
Welcome... death!"

.........##.....##....#..........
................##...##.#........
.................................
..##............................#
................................#
......................#........>#
......................##.........
.......^..........Z..###....# #..
#...............@Z....##....###..
#.##..........#..................
####............##...#.....#.....
#.................#.....###...
#)...........###.........##...
#.........###.##..............
###.>.........###............#
###....#...## #.....#......#
##.####### ##.#..##...#.#


You could see a hornet zombie and a friendly gnoll zombie.

Vanquished Creatures
  An ogre (D:4)
  A crimson imp (D:4)
  A howler monkey (D:4)
  2 hounds
  A jelly (D:5)
  2 orc wizards
  Ijyb (D:3)
  A worker ant (D:4)
  2 gnolls (D:5)
  2 adders (D:2)
  2 oozes
  2 worms (D:2)
  A leopard gecko (D:3)
  11 orcs
  7 bats
  A giant cockroach (D:1)
  7 goblins
  3 hobgoblins
  18 jackals
  A quokka (D:4)
  2 ball pythons
  7 frilled lizards
  A kobold (D:1)
  6 rats
83 creatures vanquished.

Vanquished Creatures (collateral kills)
  A howler monkey (D:4)
  An adder (D:4)
  A goblin (D:2)
  A hobgoblin (D:2)
  A jackal (D:2)
5 creatures vanquished.

Grand Total: 88 creatures vanquished

Notes
Turn   | Place    | Note
-------+----------+-------------------------------------------
     0 | D:1      | Sele the Deep Elf Necromancer began the quest for the Orb.
     0 | D:1      | Reached XP level 1. HP: 10/10 MP: 6/6
     0 | D:1      | Noticed a formicid
     0 | D:1      | Noticed a vine stalker
     1 | D:1      | Noticed a human
     2 | D:1      | Noticed a naga
     5 | D:1      | Noticed a vine stalker
     6 | D:1      | Noticed a human
    15 | D:1      | Noticed a draconian
    18 | D:1      | Noticed an ogre
    20 | D:1      | Noticed a spriggan
    22 | D:1      | Noticed a vine stalker
    22 | D:1      | Noticed a felid
    22 | D:1      | Noticed a dwarf
    24 | D:1      | Noticed a felid
    24 | D:1      | Noticed a centaur
    26 | D:1      | Noticed a human
    93 | D:1      | Reached skill level 5 in Necromancy
    99 | D:1      | Learned a level 1 spell: Animate Skeleton
   428 | D:1      | Reached XP level 2. HP: 14/15 MP: 5/8
  1365 | D:2      | Reached XP level 3. HP: 12/19 MP: 6/10
  1689 | D:2      | Learned a level 3 spell: Vampiric Draining
  1753 | D:2      | Reached XP level 4. HP: 13/24 MP: 4/12
  1920 | D:2      | Found a burning altar of Makhleb.
  2553 | D:2      | Learned a level 4 spell: Animate Dead
  2584 | D:3      | Noticed Grinder
  2779 | D:3      | Paralysed by Grinder for 2 turns
  2827 | D:2      | Paralysed by Grinder for 2 turns
  3082 | D:3      | Noticed Ijyb
  3090 | D:3      | Killed Ijyb
  3090 | D:3      | Reached skill level 5 in Spellcasting
  3168 | D:3      | Reached XP level 5. HP: 27/28 MP: 11/14
  3678 | D:3      | HP: 1/28 [orc wizard/magic dart (8)]
  4331 | D:3      | Learned a level 5 spell: Agony
  4703 | D:4      | Found a staircase to the Ecumenical Temple.
  4711 | Temple   | Entered the Ecumenical Temple
  4716 | Temple   | Became a worshipper of Vehumet
  4889 | Temple   | Fell from the grace of Vehumet
  4889 | Temple   | Became a worshipper of Kikubaaqudgha
  5183 | D:4      | Reached XP level 6. HP: 30/32 MP: 13/17
  5202 | D:4      | Found a burning altar of Makhleb.
  5930 | D:5      | Entered Level 5 of the Dungeon
  6439 | D:5      | Reached XP level 7. HP: 34/36 MP: 15/19
  6551 | D:5      | Slain by a hornet zombie

Levels and vault maps discovered:
D:1:      shiori_arrival_whats_in_store_for_you, layout_loops_corners,
          minmay_tree_intersection
D:2:      lemuel_upstairs_altar, layout_basic, grunt_decor_mini_mirrors,
          makhleb_heckhound_becter
D:3:      layout_loops_ring, first_ration, uniq_ijyb, uniq_grinder
D:4:      layout_loops_ring, lemuel_crystal_altar, minmay_temple_entry_trees,
          kennysheep_decorative_pillar, grunt_decor_fettered
D:5:      layout_cave_pools, serial_gnoll_camp, gnoll_camp_mini_hut,
          gnoll_camp_mini_shop, gnoll_camp_mini_doghouse, gnoll_camp_huts_moat
Temple:   nicolae_temple_the_god_donut

Skill      XL: |  1  2  3  4  5  6 |
---------------+-------------------+-----
Necromancy     | 5 6 7 |  7.6
Spellcasting   | 4 5 6 7 |  7.1
Stealth        | 3 |  3.1
Fighting       | |  0.3
Staves         | |  0.8
Dodging        | |  2.8

Action                   |  1- 3 |  4- 6 |  7- 9 || total
-------------------------+-------+-------+-------++-------
Melee: Dagger            |     7 |     4 |       ||    11
       Quarterstaff      |       |    42 |     1 ||    43
 Cast: Pain              |    47 |   117 |     1 ||   165
       Animate Skeleton  |    16 |    13 |       ||    29
       Vampiric Draining |       |     4 |       ||     4
       Animate Dead      |       |    12 |     1 ||    13
  Use: Scroll            |       |     8 |       ||     8
       Potion            |       |     5 |       ||     5
  Eat: Chunk             |     2 |     5 |       ||     7
       Ration            |       |     4 |       ||     4
Armor: Robe              |    12 |    10 |     1 ||    23
Dodge: Dodged            |    24 |    71 |     8 ||   103

Table legend:
 A = Non-vault XP
 B = Vault XP
 C = Vault XP percentage of total XP
 D = Non-vault monster count
 E = Vault monster count
 F = Vault count percentage of total count
                 A         B        C        D         E       F
            +---------+---------+-------+---------+---------+-------
      Total |     639 |     104 |  14.0 |      84 |       4 |   4.5
            +---------+---------+-------+---------+---------+-------
        D:1 |      26 |       0 |   0.0 |      16 |       0 |   0.0
        D:2 |      75 |      41 |  35.3 |      28 |       1 |   3.4
        D:3 |     101 |      35 |  25.7 |      26 |       1 |   3.7
        D:4 |     389 |       0 |   0.0 |      12 |       0 |   0.0
        D:5 |      48 |      28 |  36.8 |       2 |       2 |  50.0
            +---------+---------+-------+---------+---------+-------
